 Dungeon Crawl Stone Soup version 0.28-a0-1213-g0243856f03 (webtiles) character file.

Game seed: 12502742571580220821

20 siradein the Caller (level 2, 0/20 HPs)
             Began as a Draconian Summoner on Dec 21, 2021.
             Slain by a quokka (3 damage)
             ... on level 1 of the Dungeon.
             The game lasted 00:00:57 (750 turns).

siradein the Caller (Draconian Summoner)             Turns: 750, Time: 00:00:57

Health: 0/20       AC:  4    Str: 10    XL:     2   Next: 58%
Magic:  4/5        EV: 12    Int: 15    God:
Gold:   40         SH:  0    Dex: 11    Spells: 2/5 levels left

rFire   . . .      SeeInvis .   (no weapon)
rCold   . . .      Faith    .   (no shield)
rNeg    . . .      Spirit   .   (armour unavailable)
rPois   .          Reflect  .   (helmet restricted)
rElec   .          Harm     .   (no cloak)
rCorr   .          Rampage  .   (no gloves)
Will    .....                   (no boots)
Stlth   ++........              (no amulet)
HPRegen 0.06/turn               (no ring)
MPRegen 0.09/turn               (no ring)

@: no status effects
A: AC +4, unfitting armour, cold-blooded
a: no special abilities


You were on level 1 of the Dungeon.
You visited 1 branch of the dungeon, and saw 1 of its levels.

You collected 40 gold pieces.

Inventory:

Scrolls
 a - a scroll of magic mapping {unknown}
 b - a scroll of acquirement {unknown}
 c - a scroll of torment {unknown}
 d - 2 scrolls of identify {unknown}


   Skills:
 + Level 2.2 Dodging
 - Level 1.7 Stealth
 + Level 2.3 Spellcasting
 + Level 4.2 Summonings


You had 2 spell levels left.
You knew the following spells:

 Your Spells              Type           Power      Damage    Failure   Level
a - Summon Small Mammal   Summ           56%        N/A       3%          1
b - Call Imp              Summ           14%        N/A       5%          2

Your spell library contained the following spells:

 Spells                   Type           Power      Damage    Failure   Level
 Call Canine Familiar     Summ           14%        N/A       11%         3
 Summon Guardian Golem    Hex/Summ       8%         N/A       26%         3
 Portal Projectile        Hex/Tloc       2%         N/A       54%         3
 Summon Lightning Spire   Summ/Air       8%         N/A       65%         4
 Blade Hands              Tmut           0%         N/A       99%         5
 Excruciating Wounds      Necr           0%         N/A       99%         5


Dungeon Overview and Level Annotations

Branches:
Dungeon (1/15)

Altars:


Innate Abilities, Weirdness & Mutations

Your plain brown scales are hard. (AC +4)
You cannot fit into any form of body armour.
You are cold-blooded and may be slowed by cold attacks.


Message History

You hit the ball python. You tail-slap the ball python.
You kill the ball python!
The kobold hits you but does no damage.
The quokka bites you but does no damage.
You closely miss the kobold.
The kobold is heavily wounded.
The quokka bites you. The kobold misses you. The quokka bites you.
You are too injured to fight recklessly!
You are too injured to fight recklessly!
Your iron imp hits the kobold.
The kobold dies!
Your iron imp closely misses the quokka.
The bat hits your iron imp but does no damage.
The bat barely misses your iron imp.
The bat hits your iron imp but does no damage.
The bat hits your iron imp but does no damage. x2
The quokka barely misses you.
You hit the quokka.
The quokka is moderately wounded.
The bat closely misses your iron imp. The quokka barely misses you.
You hit the quokka but do no damage.
The quokka is moderately wounded.
The quokka bites you but does no damage.
You hit the quokka.
The quokka is moderately wounded.
The bat barely misses your iron imp. The quokka barely misses you.
The bat closely misses your iron imp.
You barely miss the quokka. The quokka bites you.
* * * LOW HITPOINT WARNING * * *
You hit the quokka but do no damage. The bat barely misses your iron imp.
The bat completely misses your iron imp.
The quokka bites you but does no damage.
The quokka closely misses you.
You barely miss the quokka.
The bat hits your iron imp but does no damage.
The bat closely misses your iron imp. The quokka closely misses you.
You hit the quokka but do no damage.
The bat hits your iron imp but does no damage. x2
The bat barely misses your iron imp. The quokka bites you.
You die...

.#####...#.#.##.# #########
#.#.......#...#.##.##
...#####.[.##...#..# #..#
###....#....# #..# #.##...#..#
#..# #.###.##..############
#..## #.# #.§...............
#...######.######..############
##......)...5.r@....#
#.#.###.###b######†##
##..#$[.[$#.# #.# ##.##.#.##.#
#.# ####### ##.#.....#)#
###.#######.....#
#..#######.####...^......(###.#
#...........................#.#
#..###..##.####.##.#####..#.#.#
##.###.###.# #.##.# #.......


You could see a quokka, a bat (ally target) and a friendly iron imp (summoned).

Vanquished Creatures
  A ball python (D:1)
  2 jackals (D:1)
  A bat (D:1)
  A frilled lizard (D:1)
5 creatures vanquished.

Vanquished Creatures (collateral kills)
  2 dart slugs (D:1)
  An endoplasm (D:1)
  A goblin (D:1)
  2 jackals (D:1)
  A kobold (D:1)
  A frilled lizard (D:1)
  2 rats (D:1)
10 creatures vanquished.

Grand Total: 15 creatures vanquished

Notes
Turn   | Place    | Note
-------+----------+-------------------------------------------
     0 | D:1      | siradein the Draconian Summoner began the quest for the
                  | Orb.
     0 | D:1      | Reached XP level 1. HP: 14/14 MP: 3/3
   422 | D:1      | Reached XP level 2. HP: 20/20 MP: 3/5
   685 | D:1      | Learned a level 2 spell: Call Imp
   750 | D:1      | Slain by a quokka

Illustrated notes

Levels and vault maps discovered:
D:1:      dpeg_arrival_water_fire, layout_loops_ring, minmay_split_cup_large

Skill      XL: |  1 |
---------------+----+-----
Dodging        | 2 |  2.2
Stealth        | |  1.7
Spellcasting   | |  2.3
Summonings     | |  4.2

Action                   || total
-------------------------++-------
Melee: Unarmed           ||    60
       Tailslap          ||     7
 Cast: Summon Small Mamm ||    11
       Call Imp          ||     1
 Stab: Sleeping          ||     1
Armor: Skin              ||    35
Dodge: Dodged            ||    45

Table legend: (Time is in decaauts)
 A = Elapsed time spent in this place.
 B = Non-inter-level travel time spent in this place.
 C = Inter-level travel time spent in this place.
 D = Time resting spent in this place.
 E = Time spent auto-exploring this place.
 F = Levels seen in this place.
 G = Mean time per level.
                   A        B        C        D        E       F      G
               +--------+--------+--------+--------+--------+-----+--------+
         Total |    750 |    750 |      0 |      0 |    586 |   1 |  750.0 |
       Dungeon |    750 |    750 |      0 |      0 |    586 |   1 |  750.0 |
               +--------+--------+--------+--------+--------+-----+--------+

Top non-repeatable levels by time:
     D:1: 750 daAuts
